AoeStats
← Fari

QS Arena

503611571Analyzed
1v1 RM · 1mo ago on Sep 1, 2026· 44m 6s· 2 players
Game mode
Random Map
Map size
Tiny (2 player)
Population
200
Speed
Normal
Resources
Standard
Victory
Conquest
Starting age
Dark Age
Ending age
Imperial Age
RankedLock teamsTeams togetherTeam positionsShared explorationLock speedFull tech treeHidden civsTurbo modeCheats
Victory
Defeat
🇩🇪 Mongols · Germany
1122
+17
🇧🇷 Tupi · Brazil
1151
-17
XICOTERO96
7:21 Feudal Age
12:15 Castle Age
10:28 Double-Bit Axe
10:25 Horse Collar
13:17 Bow Saw
13:19 Heavy Plow
16:23 Bloodlines
19:19 Wheelbarrow
21:24 Hand Cart
21:48 Town Watch
21:50 Loom
23:13 Husbandry
23:23 Fletching
25:04 Gold Mining
29:22 Imperial Age
27:35 Fletching
27:46 Padded Archer Armor
28:56 Ballistics
28:35 Bodkin Arrow
30:27 Bracer
31:34 Chemistry
30:41 Siege Engineers
30:52 Leather Archer Armor
31:20 Husbandry
31:39 Murder Holes
31:55 Masonry
32:39 Gold Shaft Mining
31:54 Stone Mining
33:39 Husbandry
32:59 Light Cavalry
33:52 Onager
35:03 Elite Mangudai
36:24 Drill
37:38 Stone Shaft Mining
37:39 Nomads
41:25 Siege Onager
44:26 Scale Barding Armor
44:32 Forging
Fari
4:51 Loom
8:26 Feudal Age
13:38 Castle Age
11:54 Double-Bit Axe
12:22 Horse Collar
17:45 Town Watch
25:14 Imperial Age
22:40 Pikeman
23:20 Squires
23:06 Arson
23:13 Fletching
22:55 Crossbowman
23:47 Gold Mining
25:33 Wheelbarrow
25:59 Bow Saw
25:49 Heavy Plow
28:45 Chemistry
27:57 Arbalester
28:53 Bodkin Arrow
30:46 Ballistics
31:00 Bracer
40:25 Elite Ibirapema Warrior
41:06 Scale Mail Armor
41:17 Forging
42:05 Curare
42:22 Conscription
Connection lost

Rejoining the realm…

Still unreachable

The connection could not be restored.

Session expired

The server has moved on; the page needs a fresh start.